 Dungeon Sprint DCSS version 0.21-a0-414-gba8bdf1 (webtiles) character file.

436 Kidiri the Skirmisher (level 6, -8/60 HPs)
             Began as a Draconian Transmuter on Nov 2, 2017.
             Mangled by a soul eater (20 damage)
             ... summoned by a deep elf mage
             ... in the Dungeon (Sprint III: "The Ten Rune Challenge").
             The game lasted 00:04:44 (785 turns).

Kidiri the Skirmisher (Draconian Transmuter)         Turns: 785, Time: 00:04:45

Health: -8/60      AC:  2    Str: 13    XL:     6   Next: 68%
Magic:  10/12      EV: 23    Int: 16    God:
Gold:   23         SH:  0    Dex: 19    Spells: 4/14 levels left

rFire    . . .     SeeInvis .     - Unarmed
rCold    . . .     Gourm    .   (shield currently unavailable)
rNeg     . . .     Faith    .   (armour unavailable)
rPois    x         Spirit   .   (helmet currently unavailable)
rElec    .         Reflect  .   (cloak currently unavailable)
rCorr    .         Harm     .   (gloves currently unavailable)
MR       .....     NoTele   +   (boots currently unavailable)
Stlth    +++.......             (no amulet)
HPRegen  0.20/turn              (no ring)
MPRegen  0.13/turn              (no ring)

@: spider-form
A: unfitting armour, agile 1, clever 1, AC +6
a: End Transformation


You were in the Dungeon.
You were hungry.
You were a venomous arachnid creature.
You visited 1 branch You collected 23 gold pieces.

Inventory:

Hand Weapons
 w - a +0 dagger
 y - a +0 dagger
 B - a +0 whip
Missiles
 a - 36 arrows
Armour
 h - a +0 cloak (melded)
 x - a +0 robe
 A - a +0 robe
Wands
 j - a wand of flame (10/48)
Scrolls
 e - 2 scrolls of holy word {unknown}
 i - a scroll of blinking
 m - a scroll of enchant armour {unknown}
 n - a scroll of remove curse {unknown}
 q - a scroll of identify {unknown}
 r - 2 scrolls of amnesia {unknown}
Potions
 f - a potion of haste
 g - 2 potions of magic
 k - a potion of agility {unknown}
 p - 2 potions of flight
 t - a potion of lignification {unknown}
 u - 4 potions of mutation
Books
 b - a book of Changes

   Spells                             Type                      Level
   a - Beastly Appendage              Transmutation                1
   b - Sticks to Snakes               Transmutation                2
   c - Spider Form                    Transmutation/Poison         3
   d - Ice Form                       Ice/Transmutation            4
   e - Blade Hands                    Transmutation                5
 l - a book of Beasts

   Spells                             Type                      Level
   a - Summon Butterflies             Summoning                    1
   b - Call Canine Familiar           Summoning                    3
   c - Summon Ice Beast               Ice/Summoning                4
   d - Summon Mana Viper              Hexes/Summoning              5
   e - Summon Hydra                   Summoning                    7
Comestibles
 c - a bread ration
 o - a royal jelly
 s - a meat ration
 v - 3 chunks of flesh
 z - 2 inedible chunks of flesh


   Skills:
 * Level 7.2 Fighting
 + Level 4.4 Dodging
 + Level 4.3 Stealth
 * Level 7.1 Unarmed Combat
 + Level 4.5 Spellcasting
 * Level 6.8 Transmutations
 + Level 0.5 Ice Magic
 + Level 3.8 Poison Magic


You had 4 spell levels left.
You knew the following spells:

 Your Spells              Type           Power        Failure   Level  Hunger
a - Beastly Appendage     Tmut           ####..       5%          1    None
b - Sticks to Snakes      Tmut           ####....     7%          2    ##.....
c - Spider Form           Tmut/Pois      ###.......   16%         3    ###....
d - Ice Form              Ice/Tmut       ###.....     56%         4    ####...


Dungeon Overview and Level Annotations

Branches:
Dungeon (1/1)

Altars:
Elyvilon
Kikubaaqudgha
Okawaru
Sif Muna
Trog
Uskayaw
Vehumet
Wu Jian
Zin
The Shining One
Beogh


Innate Abilities, Weirdness & Mutations

((Your plain brown scales are hard. (AC +6)))
You cannot fit into any form of body armour.
((You are cold-blooded and may be slowed by cold attacks.))
You are agile. (Dex +2)
Your mind is acute. (Int +2)


Message History

Unknown command.
You closely miss the deep elf mage.
The deep elf mage is moderately wounded.
The soul eater misses you. The ice devil completely misses you.
Unknown command.
You bite the deep elf mage!
The deep elf mage looks as sick as possible!
The deep elf mage is heavily wounded.
The deep elf mage hits you with a long sword of holy wrath.
The soul eater completely misses you. The ice devil completely misses you.
Unknown command.
You closely miss the deep elf mage.
The deep elf mage is heavily wounded.
The soul eater hits you!!
* * * LOW HITPOINT WARNING * * *
The ice devil completely misses you.
The deep elf mage hits you with a long sword of holy wrath!
* * * LOW HITPOINT WARNING * * *
You feel better. The soul eater hits you!!
You die...

▓▓▓▓▓ ▓▓▓ #...####
##.#########
#......#####..#_4_#___#
#.....).#..#..#es3#__.#
##.##...#..#..###'#'###+##
##.###..##+#..#..........#
###.##..###...'.⌠........#
#..##..####...#...######+#
...##..###....#.⌠.#
..##...##.....#...#
.##....#......#+###
###..##.#.....#...#


You could see a soul eater, an ice devil and a deep elf mage.

Vanquished Creatures
  A water elemental (D)
  A wizard (D)
  Jessica (D)
  A kobold demonologist (D)
  3 humans (D)
  A wolf (D)
  An ooze (D)
  2 rats (D)
11 creatures vanquished.

Vanquished Creatures (others)
  2 draconian scorchers (D)
  2 yaktaurs (D)
  6 hellions (D)
  A plant (D)
11 creatures vanquished.

Grand Total: 22 creatures vanquished

Notes
Turn   | Place    | Note
-------+----------+-------------------------------------------
     0 | D        | Kidiri the Draconian Transmuter began the quest for the Orb.
     0 | D        | Reached XP level 1. HP: 16/16 MP: 3/3
    48 | D        | Killed a yaktaur
   114 | D        | Killed a hellion
   118 | D        | Killed a hellion
   120 | D        | Killed a hellion
   120 | D        | Killed a hellion
   122 | D        | Killed a hellion
   128 | D        | Killed a hellion
   134 | D        | Noticed Jessica
   140 | D        | Killed Jessica
   140 | D        | Reached skill level 1 in Stealth
   140 | D        | Reached XP level 2. HP: 26/26 MP: 2/5
   140 | D        | Reached XP level 3. HP: 31/31 MP: 2/7
   144 | D        | Learned a level 2 spell: Sticks to Snakes
   148 | D        | Learned a level 3 spell: Spider Form
   195 | D        | Killed a white draconian scorcher
   234 | D        | Killed a white draconian scorcher
   272 | D        | HP: 1/31 [human (7)]
   276 | D        | Reached skill level 1 in Poison Magic
   299 | D        | Gained mutation: You do not regenerate when monsters are visible. [potion of mutation]
   299 | D        | Gained mutation: You have very sharp teeth. [potion of mutation]
   300 | D        | Lost mutation: You have very sharp teeth. [potion of mutation]
   300 | D        | Lost mutation: You do not regenerate when monsters are visible. [potion of mutation]
   300 | D        | Gained mutation: You are agile. (Dex +2) [potion of mutation]
   300 | D        | Gained mutation: Your mind is acute. (Int +2) [potion of mutation]
   367 | D        | Noticed a water elemental
   373 | D        | Killed a water elemental
   373 | D        | Reached skill level 5 in Unarmed Combat
   373 | D        | Reached XP level 4. HP: 38/41 MP: 5/9
   517 | D        | Found an ornate altar of the Wu Jian Council.
   517 | D        | Found a roughly hewn altar of Beogh.
   517 | D        | Found an iron altar of Okawaru.
   517 | D        | Found a bloodstained altar of Trog.
   517 | D        | Found a hide-covered altar of Uskayaw.
   517 | D        | Noticed a human
   517 | D        | Noticed a human
   521 | D        | Killed a yaktaur
   528 | D        | Killed a human
   528 | D        | Reached skill level 5 in Transmutations
   528 | D        | Reached XP level 5. HP: 29/50 MP: 7/11
   535 | D        | Killed a human
   535 | D        | Reached XP level 6. HP: 23/60 MP: 5/12
   541 | D        | Learned a level 4 spell: Ice Form
   725 | D        | Found a radiant altar of Vehumet.
   726 | D        | Found a deep blue altar of Sif Muna.
   726 | D        | Found an ancient bone altar of Kikubaaqudgha.
   777 | D        | Found a glowing silver altar of Zin.
   778 | D        | Found a glowing golden altar of the Shining One.
   778 | D        | Found a white marble altar of Elyvilon.
   778 | D        | Noticed a deep elf mage
   780 | D        | Noticed an ice devil
   781 | D        | Noticed a soul eater
   784 | D        | HP: 2/60 [deep elf mage/long sword of holy wrath (8)]
   785 | D        | Mangled by a soul eater

Vault maps used:
D:        dungeon_sprint_mu

Skill      XL: |  1  2  3  4  5 |
---------------+----------------+-----
Fighting       | 3 4 6 7 |  7.2
Dodging        | 2 3 4 |  4.4
Stealth        | 1 2 3 4 |  4.3
Unarmed Combat | 4 5 6 7 |  7.1
Transmutations | 3 4 5 6 |  6.8
Poison Magic   | 1 3 |  3.8
Spellcasting   | 3 4 |  4.5
Ice Magic      | |  0.5

Action                   |  1- 3 |  4- 6 || total
-------------------------+-------+-------++-------
Melee: Unarmed           |    28 |    30 ||    58
       Headbutt          |     1 |       ||     1
       Tailslap          |     1 |       ||     1
 Cast: Beastly Appendage |     3 |       ||     3
       Spider Form       |     4 |     4 ||     8
  Use: Potion            |     4 |     1 ||     5
 Stab: Sleeping          |     1 |       ||     1
Armor: Skin              |     3 |     1 ||     4
Dodge: Dodged            |    15 |    40 ||    55

Table legend:
 A = Spawn XP
 B = Non-spawn XP
 C = Spawn XP percentage of total XP
 D = Spawn monster count
 E = Non-spawn monster count
 F = Spawn count percentage of total count
 G = Total turns spent on level
                    A         B        C        D         E        F      G
               +---------+---------+-------+---------+---------+-------+---------
         Total |       0 |     623 |   0.0 |       0 |      11 |   0.0 |   785
               +---------+---------+-------+---------+---------+-------+---------
             D |       0 |     623 |   0.0 |       0 |      11 |   0.0 |   785
               +---------+---------+-------+---------+---------+-------+---------
